 Dungeon Crawl Stone Soup version 0.25-a0-571-gb5e01bddfa (webtiles) character file.

Game seed: 10448190192811011629, levelgen mode: deterministic

268 Amnekian the Sneak (level 6, 0/36 HPs)
             Began as an Octopode Ice Elementalist on Feb 29, 2020.
             Killed from afar by an orc wizard (10 damage)
             ... with a puff of flame
             ... on level 3 of the Dungeon.
             The game lasted 00:15:27 (3272 turns).

Amnekian the Sneak (Octopode Ice Elementalist)      Turns: 3272, Time: 00:15:28

Health: 0/36       AC:  1    Str:  7    XL:     6   Next: 21%
Magic:  9/9        EV: 14    Int: 19    God:
Gold:   119        SH:  4    Dex: 13    Spells: 2/9 levels left

rFire    . . .     SeeInvis .   f - +0 dagger
rCold    . . .     Gourm    .   (no shield)
rNeg     . . .     Faith    .   (helmet restricted)
rPois    .         Spirit   .   h - +4 amulet of reflection
rElec    .         Reflect  +   (no ring)
rCorr    .         Harm     .   (no ring)
MR       .....                  (no ring)
Stlth    ++++......             (no ring)
HPRegen  0.12/turn              (no ring)
MPRegen  0.11/turn              (no ring)
                                (no ring)
                                (no ring)

@: no status effects
A: almost no armour, stealthy swim, amphibious, 8 rings, constrict 8, camouflage
1, gelatinous body 1
a: no special abilities


You were on level 3 of the Dungeon.
You were not hungry.

You visited 1 branch of the dungeon, and saw 3 of its levels.

You collected 119 gold pieces.

Inventory:

Hand Weapons
 f - a +0 dagger (weapon)
 j - a +1 quarterstaff of draining
Missiles
 c - 68 stones (quivered)
 k - 11 poisoned darts
 t - a boomerang
Jewellery
 h - a +4 amulet of reflection (around mantle)
Scrolls
 a - a scroll of amnesia {unknown}
 e - 6 scrolls of magic mapping {unknown}
 g - a scroll of teleportation {unknown}
 l - 2 scrolls of remove curse {unknown}
 p - a scroll of enchant armour {unknown}
 q - a scroll of blinking {unknown}
 r - a scroll of identify {unknown}
Potions
 d - a potion of curing
 m - a potion of degeneration {unknown}
 n - a potion of cancellation
 o - 2 potions of lignification
 s - a potion of stabbing {unknown}
Comestibles
 b - 6 rations
 i - 2 chunks of flesh


   Skills:
 * Level 3.1 Dodging
 + Level 6.1 Stealth
 - Level 2.0 Spellcasting
 - Level 5.6 Ice Magic


You had 2 spell levels left.
You knew the following spells:

 Your Spells              Type           Power        Failure   Level  Hunger
a - Freeze                Ice            ###.         1%          1    #......
b - Frozen Ramparts       Ice            ###...       4%          3    ###....
c - Ozocubu's Armour      Chrm/Ice       ##......     16%         3    ###....

Your spell library contained the following spells:

 Spells                   Type           Power        Failure   Level  Hunger
 Hailstorm                Conj/Ice       ##......     47%         4    #####..
 Summon Ice Beast         Ice/Summ       ##......     47%         4    #####..


Dungeon Overview and Level Annotations

Branches:
Dungeon (3/15)

Altars:
Ashenzari
Wu Jian
The Shining One


Innate Abilities, Weirdness & Mutations

You cannot wear most types of armour.
You are very stealthy in the water. (Stealth+)
You are amphibious.
You can wear up to eight rings at the same time.
You can use your tentacles to constrict eight enemies at once.
Your skin changes colour to match your surroundings (Stealth+).
Your rubbery body absorbs attacks. (AC +1, EV +1)


Message History

You constrict the orc. The orc closely misses you.
You hit the orc but do no damage. You squeeze the orc.
The orc is almost dead.
You constrict the orc.
You kill the orc!
Something hits you.
Casting: Ozocubu's Armour (safe; 16% risk of failure)
Confirm with . or Enter, or press ? or * to list all spells.
You can't see any susceptible monsters within range! (Use Z to cast anyway.)
A magic dart appears from out of thin air!
The magic dart hits you!
You hear some strange, mumbled words.
Something tries to affect you, but you resist.
A magic dart appears from out of thin air!
The magic dart hits you.
* * * LOW HITPOINT WARNING * * *
There is a stone staircase leading down here.
A puff of flame appears from out of thin air!
The puff of flame hits you!
You die...

......................
......................
#####.########.#.#####
#)########.#.#
.............######........ .
............................ #
#...........#..#####.........
..#.....#......))..#.....(...
##.#.###.#.##.#@..#.#.........
..... .#. #.#.#.#.#.........
.. #.#.#.#.#......... ###
..#.#.#...........
..#.#.###.รท....... #.#.#
#.######## #.#.# #.# #.# #.#
#.#


There were no monsters in sight!

Vanquished Creatures
  An ogre (D:3)
  An orc priest (D:3)
  An orc wizard (D:3)
  A gnoll (D:1)
  3 adders
  An ooze (D:1)
  2 worms
  A dart slug (D:3)
  A leopard gecko (D:1)
  13 orcs (D:3)
  A ball python (D:1)
  5 bats
  A giant cockroach (D:3)
  7 goblins
  6 hobgoblins
  4 quokkas
  3 frilled lizards
  10 kobolds
  9 rats
71 creatures vanquished.

Notes
Turn   | Place    | Note
-------+----------+-------------------------------------------
     0 | D:1      | Amnekian the Octopode Ice Elementalist began the quest for
                  | the Orb.
     0 | D:1      | Reached XP level 1. HP: 11/11 MP: 3/3
    50 | D:1      | Reached skill level 3 in Stealth
   156 | D:1      | Reached XP level 2. HP: 11/17 MP: 5/5
   829 | D:2      | Reached XP level 3. HP: 21/21 MP: 6/6
   866 | D:2      | Reached skill level 4 in Stealth
  1100 | D:2      | Found an ornate altar of the Wu Jian Council.
  1279 | D:2      | Learned a level 3 spell: Frozen Ramparts
  1477 | D:2      | Reached XP level 4. HP: 22/27 MP: 3/7
  2068 | D:3      | Found a shattered altar of Ashenzari.
  2165 | D:3      | Reached skill level 5 in Stealth
  2171 | D:3      | Noticed an ogre
  2185 | D:3      | Reached skill level 5 in Ice Magic
  2253 | D:3      | Reached XP level 5. HP: 19/31 MP: 4/8
  2544 | D:3      | Found a glowing golden altar of the Shining One.
  3191 | D:3      | Killed an ogre
  3191 | D:3      | Reached skill level 6 in Stealth
  3191 | D:3      | Reached XP level 6. HP: 36/36 MP: 3/9
  3196 | D:3      | Learned a level 3 spell: Ozocubu's Armour
  3272 | D:3      | Killed from afar by an orc wizard

Levels and vault maps discovered:
D:1:      dpeg_arrival_round_c, layout_loops_cross, minmay_statues_item
D:2:      layout_loops_ring, nicolae_overflow_crystal_walls
D:3:      layout_basic, tso_altar, lemuel_coloured_pillars_altar

Skill      XL: |  1  2  3  4  5 |
---------------+----------------+-----
Stealth        | 3 4 5 6 |  6.1
Ice Magic      | 5 |  5.6
Dodging        | 3 |  3.1
Spellcasting   | |  2.0

Action                   |  1- 3 |  4- 6 || total
-------------------------+-------+-------++-------
Melee: Unarmed           |    18 |       ||    18
       Constrict         |    18 |    13 ||    31
       Tentacles         |     9 |     9 ||    18
       Dagger            |    63 |    45 ||   108
Throw: Stone             |     1 |    11 ||    12
 Cast: Freeze            |     1 |    21 ||    22
       Frozen Ramparts   |     3 |     5 ||     8
       Ozocubu's Armour  |       |     1 ||     1
  Use: Potion            |     5 |     1 ||     6
 Stab: Sleeping          |    17 |     4 ||    21
  Eat: Chunk             |     2 |     7 ||     9
Armor: Skin              |    10 |     2 ||    12
Dodge: Dodged            |    50 |    29 ||    79
Block: Other             |    12 |     5 ||    17

Table legend:
 A = Non-vault XP
 B = Vault XP
 C = Vault XP percentage of total XP
 D = Non-vault monster count
 E = Vault monster count
 F = Vault count percentage of total count
                 A         B        C        D         E       F
            +---------+---------+-------+---------+---------+-------
      Total |     384 |       0 |   0.0 |      71 |       0 |   0.0
            +---------+---------+-------+---------+---------+-------
        D:1 |      51 |       0 |   0.0 |      22 |       0 |   0.0
        D:2 |      59 |       0 |   0.0 |      19 |       0 |   0.0
        D:3 |     274 |       0 |   0.0 |      30 |       0 |   0.0
            +---------+---------+-------+---------+---------+-------
